| TOP OF THE 1ST |
|
Colorado (EL) Rockies batting - Pitching for Springfield Cardinals : RHP Mike Zimmerly
|
|
Pitching: RHP Mike Zimmerly
|
|
|
Batting: SHB Pete Perla
|
0-0: Ball 1-0: Foul Ball, location: 2F 1-1: Ball 2-1: DOUBLE (Flyball, 7LD, EV 111.9 MPH)
|
|
Batting: LHB Eric Ludwig
|
0-0: Foul Ball, location: 2F 0-1: Ball 1-1: Ground out 4-3 (Groundball, 4, EV 103.1 MPH) Pete Perla to third
|
|
Batting: RHB Ernest Olkowicz
|
0-0: Called Strike 0-1: Ball 1-1: Swinging Strike 1-2: Ground out 6-3 (Groundball, 6, EV 89.4 MPH) Pete Perla scores
|
|
Batting: LHB Zack Guillen
|
0-0: Ball 1-0: DOUBLE (Line Drive, 7LM, EV 105.6 MPH)
|
|
Batting: RHB Andy Solorzano
|
0-0: Ground out 6-3 (Groundball, 6, EV 81.2 MPH)
|
| Top of the 1st over - 1 run, 2 hits, 0 errors, 1 left on base; Colorado (EL) 1 - Springfield 0 |
| BOTTOM OF THE 1ST |
|
Springfield Cardinals batting - Pitching for Colorado (EL) Rockies : RHP Mike Wilkins
|
|
Pitching: RHP Mike Wilkins
|
|
|
Batting: RHB Mark Cahill
|
0-0: Called Strike 0-1: Ball 1-1: Foul Ball, location: 2F 1-2: Ground out 6-3 (Groundball, 6S, EV 75.0 MPH)
|
|
Batting: LHB Adam Eisen
|
0-0: Called Strike 0-1: Swinging Strike 0-2: Ball 1-2: Strikes out swinging
|
|
Batting: LHB Ichiro Toyota
|
0-0: Ground out U3 (Groundball, 3S, EV 70.6 MPH)
|
| Bottom of the 1st over - 0 runs, 0 hits, 0 errors, 0 left on base; Colorado (EL) 1 - Springfield 0 |
| TOP OF THE 2ND |
|
Colorado (EL) Rockies batting - Pitching for Springfield Cardinals : RHP Mike Zimmerly
|
|
Batting: LHB Ryan Rodgers
|
0-0: Fly out, F8 (Flyball, 8RD, EV 96.9 MPH)
|
|
Batting: RHB Max Schellekens
|
0-0: Ground out 5-3 (Groundball, 56S, EV 91.2 MPH)
|
|
Batting: RHB Justin Pellman
|
0-0: Ground out 1-3 (Groundball, 13S, EV 62.5 MPH)
|
| Top of the 2nd over - 0 runs, 0 hits, 0 errors, 0 left on base; Colorado (EL) 1 - Springfield 0 |
| BOTTOM OF THE 2ND |
|
Springfield Cardinals batting - Pitching for Colorado (EL) Rockies : RHP Mike Wilkins
|
|
Batting: RHB Dave Cluster
|
0-0: Ball 1-0: Ground out 5-3 (Groundball, 5, EV 100.0 MPH)
|
|
Batting: RHB Victor Moya
|
0-0: Fly out, F9 (Line Drive, 89M, EV 95.0 MPH)
|
|
Batting: SHB Jason Kirby
|
0-0: Ground out U3 (Groundball, 3, EV 101.9 MPH)
|
| Bottom of the 2nd over - 0 runs, 0 hits, 0 errors, 0 left on base; Colorado (EL) 1 - Springfield 0 |
| TOP OF THE 3RD |
|
Colorado (EL) Rockies batting - Pitching for Springfield Cardinals : RHP Mike Zimmerly
|
|
Batting: RHB Nick Rang
|
0-0: Foul Ball, location: 2F 0-1: Ground out 4-3 (Groundball, 4S, EV 63.1 MPH)
|
|
Batting: SHB Pete Perla
|
0-0: Called Strike 0-1: Ball 1-1: Foul Ball, location: 2F 1-2: Ground out 5-3 (Groundball, 56, EV 95.6 MPH)
|
|
Batting: LHB Eric Ludwig
|
0-0: Foul Ball, location: 2F 0-1: Ball 1-1: Swinging Strike 1-2: Ball 2-2: Ball 3-2: Strikes out looking
|
| Top of the 3rd over - 0 runs, 0 hits, 0 errors, 0 left on base; Colorado (EL) 1 - Springfield 0 |
| BOTTOM OF THE 3RD |
|
Springfield Cardinals batting - Pitching for Colorado (EL) Rockies : RHP Mike Wilkins
|
|
Batting: RHB Justin Reich
|
0-0: Ball 1-0: Ball 2-0: Ball 3-0: Called Strike 3-1: Base on Balls
|
|
Batting: RHB Josh Broome
|
0-0: Called Strike 0-1: Foul Ball, location: 2F 0-2: Strikes out swinging
|
|
Batting: LHB Yeong-hun Joe
|
0-0: Ball Justin Reich steals 2nd base 1-0: Swinging Strike 1-1: Ball 2-1: Called Strike 2-2: Fly out, F2 (Popup, 3SF, EV 81.9 MPH)
|
|
Batting: RHB Mark Cahill
|
0-0: Ball 1-0: Swinging Strike 1-1: Ball 2-1: Called Strike 2-2: Ball 3-2: Foul Ball, location: 2F 3-2: Strikes out looking
|
| Bottom of the 3rd over - 0 runs, 0 hits, 0 errors, 1 left on base; Colorado (EL) 1 - Springfield 0 |
| TOP OF THE 4TH |
|
Colorado (EL) Rockies batting - Pitching for Springfield Cardinals : RHP Mike Zimmerly
|
|
Batting: RHB Ernest Olkowicz
|
0-0: Ball 1-0: Ball 2-0: Fly out, F8 (Flyball, 8LM, EV 88.8 MPH)
|
|
Batting: LHB Zack Guillen
|
0-0: Called Strike 0-1: Fly out, F4 (Popup, 4MD, EV 48.1 MPH)
|
|
Batting: RHB Andy Solorzano
|
0-0: Ball 1-0: Ball 2-0: Swinging Strike 2-1: Swinging Strike 2-2: Foul Ball, location: 2F 2-2: Ball 3-2: Base on Balls
|
|
Batting: LHB Ryan Rodgers
|
0-0: Ball 1-0: Fly out, F8 (Flyball, 8RD, EV 110.0 MPH)
|
| Top of the 4th over - 0 runs, 0 hits, 0 errors, 1 left on base; Colorado (EL) 1 - Springfield 0 |
| BOTTOM OF THE 4TH |
|
Springfield Cardinals batting - Pitching for Colorado (EL) Rockies : RHP Mike Wilkins
|
|
Batting: LHB Adam Eisen
|
0-0: Ball 1-0: DOUBLE (Groundball, 5L, EV 95.0 MPH)
|
|
Batting: LHB Ichiro Toyota
|
0-0: Ball 1-0: Ball 2-0: Called Strike 2-1: Called Strike 2-2: Ball 3-2: Foul Ball, location: 2F 3-2: Base on Balls
|
|
Batting: RHB Dave Cluster
|
0-0: Foul Ball, location: 2F 0-1: Foul Ball, location: 2F 0-2: Ball 1-2: Strikes out swinging
|
|
Batting: RHB Victor Moya
|
0-0: Ball 1-0: Ball 2-0: Ball 3-0: Called Strike 3-1: Fielders Choice at 2nd, 1-6 (Groundball, 13S, EV 71.2 MPH) Adam Eisen to third
|
|
Batting: SHB Jason Kirby
|
0-0: Swinging Strike 0-1: Ball 1-1: Ball 2-1: Called Strike 2-2: Ball 3-2: SINGLE (Line Drive, 56, EV 95.6 MPH) Adam Eisen scores Victor Moya to second Victor Moya to third
|
|
Batting: RHB Justin Reich
|
0-0: Ball 1-0: Swinging Strike 1-1: Foul Ball, location: 2F 1-2: Strikes out swinging
|
| Bottom of the 4th over - 1 run, 2 hits, 0 errors, 2 left on base; Colorado (EL) 1 - Springfield 1 |
| TOP OF THE 5TH |
|
Colorado (EL) Rockies batting - Pitching for Springfield Cardinals : RHP Mike Zimmerly
|
|
Batting: RHB Max Schellekens
|
0-0: Foul Ball, location: 2F 0-1: Fly out, F9 (Flyball, 9D, EV 90.6 MPH)
|
|
Batting: RHB Justin Pellman
|
0-0: Foul Ball, location: 2F 0-1: Swinging Strike 0-2: Foul Ball, location: 2F 0-2: Ball 1-2: Strikes out swinging
|
|
Batting: RHB Nick Rang
|
0-0: Swinging Strike 0-1: Ball 1-1: SINGLE (Groundball, 6S, EV 68.8 MPH) (infield hit)
|
|
Batting: SHB Pete Perla
|
0-0: Ball 1-0: Ball 2-0: Ball 3-0: Called Strike 3-1: Base on Balls Nick Rang to second
|
|
Batting: LHB Eric Ludwig
|
0-0: Foul Ball, location: 2F 0-1: Foul Ball, location: 2F 0-2: Ball 1-2: Fielders Choice at 2nd, U6 (Groundball, 6M, EV 85.6 MPH)
|
| Top of the 5th over - 0 runs, 1 hit, 0 errors, 2 left on base; Colorado (EL) 1 - Springfield 1 |
| BOTTOM OF THE 5TH |
|
Springfield Cardinals batting - Pitching for Colorado (EL) Rockies : RHP Mike Wilkins
|
|
Batting: RHB Josh Broome
|
0-0: Called Strike 0-1: Ball 1-1: Ball 2-1: Swinging Strike 2-2: Ball 3-2: Strikes out looking
|
|
Batting: LHB Yeong-hun Joe
|
0-0: Called Strike 0-1: Hit by Pitch
|
|
Batting: RHB Mark Cahill
|
0-0: Ball 1-0: Ball 2-0: Foul Ball, location: 2F 2-1: Fly out, F9 (Flyball, 9, EV 93.1 MPH)
|
|
Batting: LHB Adam Eisen
|
0-0: Ball 1-0: Called Strike Yeong-hun Joe steals 2nd base (no throw) 1-1: Ball 2-1: Swinging Strike 2-2: Ball 3-2: Ground out 4-3 (Groundball, 4, EV 86.2 MPH)
|
| Bottom of the 5th over - 0 runs, 0 hits, 0 errors, 1 left on base; Colorado (EL) 1 - Springfield 1 |
| TOP OF THE 6TH |
|
Colorado (EL) Rockies batting - Pitching for Springfield Cardinals : RHP Mike Zimmerly
|
|
Batting: RHB Ernest Olkowicz
|
0-0: Ball 1-0: Ball 2-0: Foul Ball, location: 2F 2-1: Ball 3-1: Foul Ball, location: 2F 3-2: Foul Ball, location: 2F 3-2: Foul Ball, location: 2F 3-2: Strikes out swinging, 2-3 out at first.
|
|
Batting: LHB Zack Guillen
|
0-0: Ball 1-0: Swinging Strike 1-1: Foul Ball, location: 2F 1-2: Ball 2-2: Foul Ball, location: 2F 2-2: Strikes out swinging
|
|
Batting: RHB Andy Solorzano
|
0-0: Ball 1-0: Foul Ball, location: 2F 1-1: Ball 2-1: Ball 3-1: DOUBLE (Flyball, 8LXD, EV 98.1 MPH)
|
|
Batting: LHB Ryan Rodgers
|
0-0: Intentional Walk
|
|
Batting: RHB Max Schellekens
|
0-0: Ball 1-0: Fly out, F4 (Line Drive, 4, EV 64.4 MPH)
|
| Top of the 6th over - 0 runs, 1 hit, 0 errors, 2 left on base; Colorado (EL) 1 - Springfield 1 |
| BOTTOM OF THE 6TH |
|
Springfield Cardinals batting - Pitching for Colorado (EL) Rockies : RHP Mike Wilkins
|
|
Batting: LHB Ichiro Toyota
|
0-0: Ball 1-0: Called Strike 1-1: Swinging Strike 1-2: Ball 2-2: Foul Ball, location: 2F 2-2: Ball 3-2: Strikes out swinging
|
|
Batting: RHB Dave Cluster
|
0-0: Foul Ball, location: 2F 0-1: Foul Ball, location: 2F 0-2: Ball 1-2: Ball 2-2: SINGLE (Groundball, 6D, EV 93.8 MPH)
|
|
Pitching: RHP Alberto Cordovi
|
|
|
Batting: RHB Victor Moya
|
0-0: Fly out, F4 (Line Drive, 4, EV 64.4 MPH)
|
|
Batting: SHB Jason Kirby
|
0-0: Ground out 6-3 (Groundball, 6S, EV 71.2 MPH)
|
| Bottom of the 6th over - 0 runs, 1 hit, 0 errors, 1 left on base; Colorado (EL) 1 - Springfield 1 |
| TOP OF THE 7TH |
|
Colorado (EL) Rockies batting - Pitching for Springfield Cardinals : RHP Mike Zimmerly
|
|
Batting: RHB Justin Pellman
|
0-0: Ball 1-0: Ball 2-0: Ball 3-0: Called Strike 3-1: Base on Balls
|
|
Batting: RHB Nick Rang
|
0-0: Ball 1-0: Ball 2-0: Called Strike 2-1: Foul Ball, location: 2F 2-2: Strikes out looking
|
|
Batting: SHB Pete Perla
|
0-0: Swinging Strike 0-1: Called Strike 0-2: Strikes out swinging
|
|
Pitching: LHP Sid DeSensi
|
|
|
Batting: LHB Eric Ludwig
|
0-0: Ball 1-0: Ball Justin Pellman steals 2nd base 2-0: Foul Ball, location: 2F 2-1: Called Strike 2-2: Strikes out swinging
|
| Top of the 7th over - 0 runs, 0 hits, 0 errors, 1 left on base; Colorado (EL) 1 - Springfield 1 |
| BOTTOM OF THE 7TH |
|
Springfield Cardinals batting - Pitching for Colorado (EL) Rockies : RHP Alberto Cordovi
|
|
Batting: RHB Justin Reich
|
0-0: Ball 1-0: Swinging Strike 1-1: Foul Ball, location: 2F 1-2: Strikes out swinging
|
|
Batting: RHB Josh Broome
|
0-0: Called Strike 0-1: Ground out 6-3 (Groundball, 6M, EV 89.4 MPH)
|
|
Batting: LHB Yeong-hun Joe
|
0-0: Ball 1-0: Swinging Strike 1-1: Ball 2-1: Swinging Strike 2-2: Strikes out swinging
|
| Bottom of the 7th over - 0 runs, 0 hits, 0 errors, 0 left on base; Colorado (EL) 1 - Springfield 1 |
| TOP OF THE 8TH |
|
Colorado (EL) Rockies batting - Pitching for Springfield Cardinals : LHP Sid DeSensi
|
|
Pitching: LHP Bob Hale
|
|
|
Batting: RHB Ernest Olkowicz
|
0-0: Ball 1-0: Called Strike 1-1: Fly out, F6 (Line Drive, 6, EV 69.4 MPH)
|
|
Batting: LHB Zack Guillen
|
0-0: Ball 1-0: Fly out, F8 (Line Drive, 8RM, EV 105.0 MPH)
|
|
Batting: RHB Andy Solorzano
|
0-0: Called Strike 0-1: Ball 1-1: SINGLE (Groundball, 4MD, EV 101.2 MPH)
|
|
Batting: LHB Ryan Rodgers
|
0-0: Ball 1-0: Swinging Strike 1-1: Called Strike 1-2: Strikes out swinging
|
| Top of the 8th over - 0 runs, 1 hit, 0 errors, 1 left on base; Colorado (EL) 1 - Springfield 1 |
| BOTTOM OF THE 8TH |
|
Springfield Cardinals batting - Pitching for Colorado (EL) Rockies : RHP Alberto Cordovi
|
|
Batting: RHB Mark Cahill
|
0-0: Ball 1-0: Ball 2-0: Called Strike 2-1: Ground out 6-3 (Groundball, 6, EV 109.4 MPH)
|
|
Batting: LHB Adam Eisen
|
0-0: Ball 1-0: Fly out, F9 (Flyball, 9D, EV 83.8 MPH)
|
|
Batting: LHB Ichiro Toyota
|
0-0: Ball 1-0: Ball 2-0: SINGLE (Line Drive, 4MD, EV 98.8 MPH)
|
|
Batting: RHB Dave Cluster
|
0-0: Ball Ichiro Toyota steals 2nd base 1-0: Called Strike 1-1: Called Strike 1-2: Ball 2-2: Ground out 4-3 (Groundball, 4, EV 100.6 MPH)
|
| Bottom of the 8th over - 0 runs, 1 hit, 0 errors, 1 left on base; Colorado (EL) 1 - Springfield 1 |
| TOP OF THE 9TH |
|
Colorado (EL) Rockies batting - Pitching for Springfield Cardinals : LHP Bob Hale
|
|
Batting: RHB Max Schellekens
|
0-0: Ball 1-0: Foul Ball, location: 2F 1-1: Ball 2-1: Ball 3-1: Foul Ball, location: 2F 3-2: Foul Ball, location: 2F 3-2: Foul Ball, location: 2F 3-2: Strikes out looking
|
|
Batting: RHB Justin Pellman
|
0-0: Called Strike 0-1: Ball 1-1: Ball 2-1: Foul Ball, location: 2F 2-2: Foul Ball, location: 2F 2-2: Foul Ball, location: 2F 2-2: Foul Ball, location: 2F 2-2: Ball 3-2: Fly out, F5 (Flyball, 5D, EV 88.8 MPH)
|
|
Batting: RHB Nick Rang
|
0-0: Called Strike 0-1: Ball 1-1: Ball 2-1: Foul Ball, location: 2F 2-2: Strikes out swinging
|
| Top of the 9th over - 0 runs, 0 hits, 0 errors, 0 left on base; Colorado (EL) 1 - Springfield 1 |
| BOTTOM OF THE 9TH |
|
Springfield Cardinals batting - Pitching for Colorado (EL) Rockies : RHP Alberto Cordovi
|
|
Pitching: RHP Adrian de la Cerda
|
|
|
Batting: RHB Victor Moya
|
0-0: Called Strike 0-1: Ball 1-1: Swinging Strike 1-2: Foul Ball, location: 2F 1-2: Reached via error on a dropped throw from 1B, E1 (Groundball, 34, EV 86.2 MPH)
|
|
Batting: SHB Jason Kirby
|
0-0: Ball Victor Moya steals 2nd base 1-0: Foul Ball, location: 2F 1-1: Bunt missed! 1-2: SINGLE (Flyball, 8RS, EV 96.9 MPH) Victor Moya to third
|
|
Batting: RHB Justin Reich
|
0-0: Called Strike Jason Kirby steals 2nd base (no throw) 0-1: Ball 1-1: Ball 2-1: Ball 3-1: Fielders Choice at home, 6-2 (Groundball, 56, EV 103.1 MPH) Jason Kirby to third
|
|
Pinch Hitting: RHB Mark Marks
|
0-0: Ball 1-0: Called Strike 1-1: Called Strike Justin Reich steals 2nd base (no throw) 1-2: Ball 2-2: Ball 3-2: Intentional Walk
|
|
Batting: LHB Yeong-hun Joe
|
0-0: Foul Ball, location: 2F 0-1: SINGLE (Line Drive, 78M, EV 100.0 MPH) Jason Kirby scores
|
| Bottom of the 9th over - 1 run, 2 hits, 1 error, 2 left on base; Colorado (EL) 1 - Springfield 2 |
|